 Dungeon Crawl Stone Soup version coffee-0.2.0 (webtiles) character file.

Game seed: 3845424679513226985, levelgen mode: deterministic

126 Illumine the Chopper (level 4, -1/41 HPs)
             Began as a Minotaur Berserker on July 19, 2020.
             Was a Believer of Trog.
             Slain by an orc
             ... wielding a +0 dagger
              (3 damage)
             ... on level 3 of the Dungeon.
             The game lasted 00:03:16 (1921 turns).

Illumine the Chopper (Minotaur Berserker)           Turns: 1921, Time: 00:03:16

Health: -1/41      AC:  2    Str: 22    XL:     4   Next: 83%
Magic:  3/3        EV: 13    Int:  4    God:    Trog [**....]
Gold:   78         SH:  0    Dex: 10    Spells: 3/3 levels left

rFire    . . .     SeeInvis .   i - +2 executioner's axe (freeze)
rCold    . . .     Gourm    .   (shield currently unavailable)
rNeg     . . .     Faith    .   b - +0 animal skin
rPois    .         Spirit   .   (helmet restricted)
rElec    .         Reflect  .   (no cloak)
rCorr    .         Harm     .   (no gloves)
MR       .....                  (no boots)
Stlth    ++........             (no amulet)
HPRegen  0.13/turn              (no ring)
MPRegen  0.08/turn              (no ring)

@: no status effects
A: retaliatory headbutt, horns 2
a: Berserk, Trog's Hand, Renounce Religion


You were on level 3 of the Dungeon.
You worshipped Trog.
Trog was pleased with you.
You were not hungry.

You visited 1 branch of the dungeon, and saw 3 of its levels.

You collected 78 gold pieces.

Inventory:

Hand Weapons
 a - a +0 hand axe
 i - a +2 executioner's axe of freezing (weapon)
Missiles
 e - 68 stones (quivered)
Armour
 b - a +0 animal skin (worn)
Wands
 f - a wand of polymorph (6)
 m - a wand of random effects (20)
Scrolls
 h - a scroll of remove curse
 l - a scroll of teleportation
Potions
 d - a potion of berserk rage
 g - a potion of curing
 j - a potion of stabbing
 k - a potion of brilliance
Comestibles
 c - 3 rations


   Skills:
 + Level 4.6(5.7) Fighting
 + Level 4.8 Axes
 + Level 3.4(5.2) Armour
 + Level 3.2(4.8) Dodging


You had 3 spell levels left.
You didn't know any spells.
Your spell library was empty.

Dungeon Overview and Level Annotations

Branches:
Dungeon (3/10)             Temple (0/1) D:2

Altars:

Shops:
D:1 *


Innate Abilities, Weirdness & Mutations

You reflexively headbutt those who attack you in melee.
You have a pair of horns on your head.


Message History

You hit the orc but do no damage. You slash the orc! You freeze the orc.
You kill the orc!
Trog accepts your kill.
An orc comes into view. It is wielding a +0 short sword.
The orc hits you with a +0 war axe.
* * * LOW HITPOINT WARNING * * *
Unknown command.
You completely miss the orc. Your headbutt misses the orc.
The orc barely misses you. x2
You hit the orc. You freeze the orc.
The orc is severely wounded.
The orc hits you with a +0 war axe!
* * * LOW HITPOINT WARNING * * *
You slice the orc!! You freeze the orc.
You kill the orc!
Trog accepts your kill.
You hit the orc. You freeze the orc.
The orc is heavily wounded.
The orc hits you with a +0 dagger.
You die...

#.... #......# ##....
#......# #....o###
#......#
#....)..######...# ####
#.....)...####...######..)
#.......#.#...........#...
#.......#.#†##........#...
#.....[.#o#.##........#...
#.......#@#:##........#...
#.......#.#.##........###.
#####...#.#.##.######## #.
#...#.#.##.# #. #.#.##.#
#. #.#.#..# #. #.#.#.## #.
#.#.#.# #.
#.#.#.###########.


You could see an orc.

Vanquished Creatures
  A worker ant (D:2)
  Robin (D:2)
  4 adders
  A worm (D:3)
  A leopard gecko (D:2)
  3 orcs (D:3)
  A ball python (D:3)
  2 giant cockroaches (D:1)
  6 goblins
  9 hobgoblins
  2 jackals (D:1)
  6 kobolds
  A quokka (D:3)
  2 bats
  3 frilled lizards (D:1)
  2 rats
45 creatures vanquished.

Notes
Turn   | Place    | Note
-------+----------+-------------------------------------------
     0 | D:1      | Illumine the Minotaur Berserker began the quest for the
                  | Orb.
     0 | D:1      | Reached XP level 1. HP: 19/19 MP: 0/0
   369 | D:1      | Reached XP level 2. HP: 27/27 MP: 1/1
   485 | D:1      | Found Uliran's Assorted Antiques.
   913 | D:2      | Found a staircase to the Ecumenical Temple.
   945 | D:2      | Identified the ring of Eneseeh {rF+++ MP+9 Str-3 Int-5
                  | Dex+8} (You acquired it on level 2 of the Dungeon)
   945 | D:2      | Identified a +2 pair of boots of running (You acquired it
                  | on level 2 of the Dungeon)
   948 | D:2      | Noticed Robin
   950 | D:2      | Reached XP level 3. HP: 29/33 MP: 2/2
   954 | D:2      | Killed Robin
  1059 | D:2      | Reached ** piety under Trog
  1059 | D:2      | Reached XP level 4. HP: 32/41 MP: 3/3
  1919 | D:3      | HP: 2/41 [orc/+0 war axe (8)]
  1921 | D:3      | Slain by an orc

Levels and vault maps discovered:
D:1:      enne_arrival_octagon_isle, layout_basic, serial_shops,
          nicolae_shop_crystal, glass_columns_a, dk_noncrumbling_4
D:2:      layout_basic, minmay_temple_entry_junction, minmay_misc_feat_five,
          uniq_robin
D:3:      layout_basic, serial_shops, shop, hangedman_decor_clover_reticule

Skill      XL: |  1  2  3 |
---------------+----------+-----
Axes           | 4 |  4.8
Fighting       | 4 |  4.6
Armour         | 3 |  3.4
Dodging        | 3 |  3.2

Action                   |  1- 3 |  4- 6 || total
-------------------------+-------+-------++-------
Melee: Hand axe          |    30 |       ||    30
       Headbutt          |     2 |     2 ||     4
       Executioner's axe |    11 |    27 ||    38
       Punch             |     1 |       ||     1
  Use: Scroll            |     1 |     1 ||     2
 Stab: Sleeping          |     1 |     2 ||     3
       Distracted        |       |     1 ||     1
  Eat: Ration            |       |     1 ||     1
       Chunk             |       |     1 ||     1
Armor: Animal skin       |     4 |     2 ||     6
Dodge: Dodged            |    26 |    35 ||    61
